 Dungeon Crawl Stone Soup version 0.20-a0-647-gf178af5 (console) character file.

158 nht the Chopper (level 5, -3/41 HPs)
             Began as a Formicid Fighter on Feb 15, 2017.
             Killed by divine providence
             ... invoked by an orc priest
              (14 damage)
             ... on level 3 of the Dungeon.
             The game lasted 00:01:41 (1463 turns).

nht the Chopper (Formicid Fighter)                  Turns: 1463, Time: 00:01:42

Health: -3/41      AC:  8    Str: 21    XL:     5   Next: 66%
Magic:  5/5        EV:  7    Int:  8    God:
Gold:   107        SH:  9    Dex: 10    Spells: 4/4 levels left

rFire    . . .     SeeInvis +   a - +0 war axe
rCold    . . .     Gourm    .   b - +0 scale mail
rNeg     . . .     Faith    .   c - +0 shield
rPois    .         Spirit   .   (helmet unavailable)
rElec    .         Reflect  .   t - +0 cloak
rCorr    .         Harm     .   (no gloves)
MR       .....                  (no boots)
Stlth    ..........             (no amulet)
Regen    0.2/turn               (no ring)
MPRegen  0.1/turn               (no ring)

@: no status effects
A: permanent stasis, dig shafts and tunnels, four strong arms, antennae 3
a: Dig, Shaft Self


You were on level 3 of the Dungeon.
You were not hungry.

You visited 1 branch of the dungeon, and saw 3 of its levels.

You collected 107 gold pieces.

Inventory:

Hand Weapons
 a - a +0 war axe (weapon)
Missiles
 p - 10 poisoned needles
 q - 8 curare-tipped needles
Armour
 b - a +0 scale mail (worn)
 c - a +0 shield (worn)
 t - a +0 cloak (worn)
Scrolls
 d - a scroll of remove curse {unknown}
 g - a scroll of enchant weapon {unknown}
 h - a scroll of blinking {unknown}
 i - 2 scrolls of identify {unknown}
 m - a scroll of recharging {unknown}
 o - a scroll of fear {unknown}
 r - a scroll of immolation {unknown}
 s - a scroll of teleportation {unknown}
Potions
 e - a potion of flight {unknown}
 j - 4 potions of brilliance {unknown}
 k - a potion of magic {unknown}
Comestibles
 f - 2 bread rations
 l - a meat ration
 n - 4 chunks of flesh


   Skills:
 - Level 3.2 Fighting
 + Level 5.4 Axes
 - Level 3.2 Armour
 - Level 3.6 Shields


You had 4 spell levels left.
You didn't know any spells.

Dungeon Overview and Level Annotations

Branches:
Dungeon (3/15)

Altars:

Annotations:
D:3 anet's ghost, amateur HaWz


Innate Abilities, Weirdness & Mutations

You cannot be hasted, slowed, berserked, paralysed or teleported.
You can dig through walls and to a lower floor.
Your four strong arms can wield two-handed weapons with a shield.
You have a pair of large antennae on your head. (SInv)


Message History

The orc shouts!
The orc priest shouts! x2; The adder hisses angrily.
Anet's ghost turns its malevolent gaze towards you.
Found a stone staircase leading down.
There is a stone staircase leading up here.
An orc and an orc priest come into view.
The orc priest shouts!
The orc shouts!
The orc priest invokes the aid of Beogh against you.
Pain shoots through your body!
The orc priest calls down the wrath of Beogh upon you.
Pain shoots through your body!
There are monsters nearby!
The adder bites you but does no damage.
There are monsters nearby!
You closely miss the adder. The adder bites you but does no damage.
The orc priest hits you from afar with a trident.
* * * LOW HITPOINT WARNING * * *
You block the adder's attack.
The orc priest invokes the aid of Beogh against you.
Beogh smites you!
You die...

██ .. █.█ .
██.███ .. █....█
... █....█{....
█....█.....
██████..S.oo....
........@W.o..>.
██.██.<.█████..
█......██
...████.+{{ . {


███{ { { {{ { You could see 3 orc priests, anet's ghost and an adder.

Vanquished Creatures
  Crazy Yiuf (D:2)
  Ijyb (D:2)
  Terence (D:2)
  An adder (D:2)
  An ooze (D:1)
  2 worms (D:2)
  3 dart slugs
  2 leopard geckos
  2 ball pythons
  4 giant cockroaches
  4 goblins
  3 hobgoblins (D:2)
  8 jackals (D:2)
  5 bats
  7 frilled lizards
  7 kobolds
  4 rats (D:1)
56 creatures vanquished.

Notes
Turn   | Place    | Note
-------+----------+-------------------------------------------
     0 | D:1      | nht the Formicid Fighter began the quest for the Orb.
     0 | D:1      | Reached XP level 1. HP: 18/18 MP: 1/1
    61 | D:1      | Reached XP level 2. HP: 24/24 MP: 2/2
   164 | D:1      | Reached skill level 3 in Axes
   224 | D:1      | Reached XP level 3. HP: 27/29 MP: 3/3
   883 | D:2      | Noticed Terence
   892 | D:2      | Killed Terence
   892 | D:2      | Reached skill level 4 in Axes
   892 | D:2      | Reached XP level 4. HP: 30/35 MP: 4/4
   952 | D:2      | Found a runed door.
  1100 | D:2      | Noticed Ijyb
  1118 | D:2      | Killed Ijyb
  1118 | D:2      | Reached XP level 5. HP: 35/41 MP: 5/5
  1140 | D:2      | Reached skill level 5 in Axes
  1324 | D:2      | Noticed Crazy Yiuf
  1333 | D:2      | Killed Crazy Yiuf
  1459 | D:3      | Noticed anet's ghost (amateur HaWz)
  1463 | D:3      | Killed from afar by an orc priest

Vault maps used:
D:1:      tarquinn_simple_flora_water_c
D:2:      uniq_iyjb, uniq_crazy_yiuf_cottage, uniq_terence
D:3:      first_bread, minmay_joined_circles

Skill      XL: |  1  2  3  4  5 |
---------------+----------------+-----
Axes           | 3 4 5 |  5.4
Fighting       | |  3.2
Armour         | |  3.2
Shields        | |  3.6

Action                   |  1- 3 |  4- 6 || total
-------------------------+-------+-------++-------
Melee: War axe           |    95 |    72 ||   167
  Use: Potion            |     1 |       ||     1
  Eat: Chunk             |       |     2 ||     2
Armor: Scale mail        |    61 |    30 ||    91
Dodge: Dodged            |    35 |    14 ||    49
Block: Shield            |    70 |    35 ||   105
